 Dungeon Crawl Stone Soup version 0.19-a0-1540-g35a11b8 (webtiles) character file.

1447 Banto the Carver (level 8, 0/50 HPs)
             Began as a High Elf Skald on Sept 14, 2016.
             Was a Believer of Okawaru.
             Slain by an orc warrior
             ... wielding a +0 dire flail
              (16 damage)
             ... on level 6 of the Dungeon.
             The game lasted 00:12:54 (5323 turns).

Banto the Carver (High Elf Skald)                   Turns: 5323, Time: 00:12:55

Health: 0/50       AC: 13    Str: 12    XL:     8   Next: 46%
Magic:  10/12      EV: 15    Int: 14    God:    Okawaru [**....]
Gold:   226        SH:  0    Dex: 16    Spells: 3 memorised, 5 levels left

rFire  + . .     SeeInvis .     a - +2 scimitar (protect)
rCold  . . .     Gourm    .     p - +0 leather armour
rNeg   . . .     Faith    .     (no shield)
rPois  .         Spirit   .     (no helmet)
rElec  .         Dismiss  .     (no cloak)
rCorr  .         Reflect  .     h - +2 pair of gloves
MR     .....     Harm     .     i - +1 pair of boots
Stlth  ..........               (no amulet)
                                (no ring)
                                n - ring of loudness (curse)

@: very slightly contaminated, hasted, drained, very quick
A: dopey 1, fire resistance 1, sense surroundings 1, wild magic 1, evolution 1,
no device heal 1, MP-powered wands
a: Heroism, Renounce Religion


You were on level 6 of the Dungeon.
You worshipped Okawaru.
Okawaru was pleased with you.
You were not hungry.

You visited 2 branches of the dungeon, and saw 7 of its levels.

You collected 226 gold pieces.

Inventory:

Hand Weapons
 a - a +2 scimitar of protection (weapon)
 b - a +0 blowgun
Missiles
 q - 34 poisoned needles
Armour
 h - a +2 pair of gloves (worn)
 i - a +1 pair of boots (worn)
 p - a +0 leather armour (worn)
Jewellery
 f - an uncursed ring of fire
 n - a cursed ring of loudness (left hand)
Scrolls
 g - 2 scrolls of remove curse
 j - 4 scrolls of magic mapping
 r - a scroll of enchant armour
 v - 2 scrolls of recharging
 x - 2 scrolls of identify
Potions
 k - 3 potions of curing
 m - a potion of agility
 o - 4 potions of brilliance
 w - a potion of cancellation
Comestibles
 c - 5 chunks of flesh
 d - 4 bread rations
 l - a beef jerky
 t - a meat ration
 z - a slice of pizza


   Skills:
 - Level 2.0(1.3) Fighting
 * Level 10.5(9.7) Long Blades
 - Level 0.8(0.2) Armour
 + Level 6.5(5.8) Dodging
 - Level 2.4(1.8) Spellcasting
 - Level 3.6(2.9) Charms


You had 5 spell levels left.
You knew the following spells:

 Your Spells              Type           Power        Failure   Level  Hunger
a - Infusion              Chrm           ##..         17%         1    ##.....
b - Song of Slaying       Chrm           ##......     24%         2    ###....
c - Regeneration          Chrm/Necr      #.........   71%         3    ####...


Dungeon Overview and Level Annotations

Branches:
Dungeon (6/15)             Temple (1/1) D:5

Altars:
Elyvilon
Fedhas
Gozag
Hepliaklqana
Makhleb
Okawaru
Qazlal
Uskayaw
Vehumet
Xom
The Shining One

Annotations:
D:5 xsansara's ghost, novice GrBe
D:6 Blork the orc


Innate Abilities, Weirdness & Mutations

You are dopey. (Int -2)
Your flesh is heat resistant. (rF+)
You passively map a small area around you.
Your spells are a little harder to cast, but a little more powerful.
You evolve.
Potions and wands are less effective at restoring your health.
You expend magic power (3 MP) to strengthen your wands.


Message History

You closely miss the orc warrior.
The orc warrior is lightly wounded.
Blork the orc misses you.
You hit the orc warrior.
The orc warrior is lightly wounded.
The orc warrior misses you. Blork the orc barely misses you.
You closely miss the orc warrior.
The orc warrior is lightly wounded.
You barely miss the orc warrior.
The orc warrior is lightly wounded.
Blork the orc closely misses you.
You riposte.
You hit Blork the orc.
Blork the orc is lightly wounded.
The orc warrior hits you but does no damage.
You hit the orc warrior but do no damage.
The orc warrior is lightly wounded.
Blork the orc closely misses you.
Your system partially rejects the healing.
You feel much better.
The orc warrior hits you with a dire flail!
You die...

........................'.
* *
######.................##
#.....>...........# *
#...#########.....# ,
,#######...# #.....#
#......#### ####### ,
,#......# ######## ,,
,#....).#####......## *
...'.....oco@oo...[...# *
, ...#......#####.......##
, ,..
#........Y(.........# .,
#.................#.# ,*
#####.............# . ,, *
*#......######## ** ,
.....o...# , .........# *
,, ....$....#


You could see Blork the orc, an orc warrior, a centaur and 2 orcs.

Vanquished Creatures
  A sky beast (D:4)
  2 ice beasts
  A phantom (D:6)
  2 centaurs (D:6)
  A giant frog (D:6)
  A scorpion (D:5)
  A howler monkey (D:6)
  2 crimson imps
  2 orc priests (D:4)
  4 orc wizards
  3 centaur skeletons
  Jessica (D:3)
  A giant frog skeleton (D:3)
  3 iguanas
  4 worker ants
  2 hound skeletons (D:5)
  8 gnolls
  2 adders (D:3)
  An ooze (D:3)
  An adder zombie (D:6)
  3 worms (D:2)
  4 dart slugs
  3 giant geckos
  10 orcs
  4 giant cockroaches
  8 hobgoblins
  4 jackals
  6 kobolds
  A ball python (D:1)
  5 bats
  2 giant newts (D:2)
  6 goblins
  2 quokka skeletons
  6 rats
107 creatures vanquished.

Notes
Turn   | Place    | Note
-------+----------+-------------------------------------------
     0 | D:1      | Banto the High Elf Skald began the quest for the Orb.
     0 | D:1      | Reached XP level 1. HP: 14/14 MP: 4/4
   278 | D:1      | Reached skill level 3 in Long Blades
   347 | D:1      | Reached XP level 2. HP: 17/19 MP: 6/6
   790 | D:2      | Learned a level 2 spell: Song of Slaying
  1219 | D:2      | Reached XP level 3. HP: 22/24 MP: 7/7
  1331 | D:2      | Noticed a dagger
  1332 | D:2      | Noticed a hand axe
  1334 | D:2      | Found a hide-covered altar of Uskayaw.
  1349 | D:2      | Reached skill level 4 in Long Blades
  1715 | D:3      | Found a hazy altar of Hepliaklqana.
  1886 | D:3      | Reached XP level 4. HP: 27/29 MP: 6/8
  1973 | D:3      | Noticed Jessica
  1979 | D:3      | Killed Jessica
  1979 | D:3      | Reached skill level 5 in Long Blades
  2041 | D:3      | Found an iron altar of Okawaru.
  2055 | D:3      | Became a worshipper of Warmaster Okawaru
  2102 | D:3      | Reached XP level 5. HP: 34/34 MP: 2/9
  2341 | D:4      | Gained mutation: You are dopey. (Int -2) [potion of mutation]
  2341 | D:4      | Gained mutation: You have supernaturally acute eyesight. (SInv) [potion of mutation]
  2341 | D:4      | Gained mutation: Your spells are a little harder to cast, but a little more powerful. [potion of mutation]
  2535 | D:3      | Reached skill level 6 in Long Blades
  2738 | D:4      | Reached XP level 6. HP: 21/39 MP: 4/10
  2941 | D:4      | Learned a level 3 spell: Regeneration
  3092 | D:3      | Reached * piety under Okawaru
  3092 | D:3      | Reached skill level 7 in Long Blades
  3712 | D:5      | Entered Level 5 of the Dungeon
  3802 | D:5      | Reached XP level 7. HP: 45/45 MP: 7/11
  3862 | D:5      | Found a staircase to the Ecumenical Temple.
  4002 | D:5      | Reached skill level 8 in Long Blades
  4055 | D:5      | Reached skill level 5 in Dodging
  4076 | Temple   | Entered the Ecumenical Temple
  4352 | D:5      | Noticed xsansara's ghost (novice GrBe)
  4951 | D:4      | Reached skill level 9 in Long Blades
  4958 | D:4      | Lost mutation: You have supernaturally acute eyesight. (SInv) [mutagenic meat]
  4961 | D:4      | Gained mutation: Potions and wands are less effective at restoring your health. [mutagenic meat]
  4964 | D:4      | Gained mutation: You evolve. [mutagenic meat]
  4967 | D:4      | Gained mutation: You expend magic power (3 MP) to strengthen your wands. [mutagenic meat]
  4970 | D:4      | Gained mutation: You passively map a small area around you. [mutagenic meat]
  4973 | D:4      | Gained mutation: Your flesh is heat resistant. (rF+) [mutagenic meat]
  5045 | D:6      | Reached ** piety under Okawaru
  5045 | D:6      | Reached XP level 8. HP: 43/50 MP: 5/12
  5203 | D:6      | Reached skill level 10 in Long Blades
  5301 | D:6      | Noticed Blork the orc
  5323 | D:6      | Slain by an orc warrior

Vault maps used:
D:1:      elethiomel_arrival_shortcut, minmay_cupped
D:2:      dancing_weapons_uskayaw
D:3:      overflow_temple_1_default, okawaru_gym_becter, uniq_jessica
D:5:      first_bread
D:6:      item_on_display_b, uniq_blork_the_orc, uniq_crazy_yiuf_cottage,
          uniq_eustachio
Temple:   minmay_crystal_spiral_temple

Skill      XL: |  1  2  3  4  5  6  7  8 |
---------------+-------------------------+-----
Long Blades    | 3 4 5 6 7 9 10 | 10.5
Dodging        | 2 3 4 5 6 |  6.5
Fighting       | |  2.0
Armour         | |  0.8
Spellcasting   | |  2.4
Charms         | |  3.6

Action                   |  1- 3 |  4- 6 |  7- 9 || total
-------------------------+-------+-------+-------++-------
Melee: Falchion          |   156 |   151 |   138 ||   445
       Scimitar          |       |       |    70 ||    70
 Fire: Blowgun           |       |    56 |     8 ||    64
 Cast: Infusion          |     7 |    12 |     8 ||    27
  Use: Scroll            |     4 |     5 |     1 ||    10
       Potion            |       |     1 |     5 ||     6
 Stab: Sleeping          |     1 |       |       ||     1
  Eat: Chunk             |     3 |     7 |    11 ||    21
Armor: Leather armour    |    45 |    46 |    49 ||   140
Dodge: Dodged            |    76 |    79 |   107 ||   262

Table legend:
 A = Turns spent in this place as a percentage of turns spent in the entire game.
 B = Non-inter-level travel turns spent in this place as a percentage of non-inter-level travel turns spent in the entire game.
 C = Inter-level travel turns spent in this place as a percentage of turns spent in this place.
 D = Turns resting spent in this place as a percentage of non-inter-level travel turns spent in this place.
 E = Turns spent auto-exploring this place as a percentage of non-inter-level travel turns spent in this place.
 F = Non-inter-level travel turns spent in this place divided by the number of levels of this place that you've seen.
                   A       B       C       D       E      F
               +-------+-------+-------+-------+-------+----------------------
         Total | 100.0 | 100.0 |   0.8 |   3.1 |   9.3 | 249.1
       Dungeon |  97.5 |  97.5 |   0.8 |   3.2 |   9.6 | 283.5
        Temple |   2.5 |   2.5 |   2.3 |   0.0 |   0.0 |  43.0
               +-------+-------+-------+-------+-------+----------------------

Table legend:
 A = Kills in this place as a percentage of kills in entire the game.
 B = Kills by you in this place as a percentage of kills by you in the entire game.
 C = Kills by friends in this place as a percentage of kills by friends in the entire game.
 D = Other kills in this place as a percentage of other kills in the entire game.
 E = Experience gained in this place as a percentage of experience gained in the entire game.
 F = Experience gained in this place divided by the number of levels of this place that you have seen.
                   A       B       C       D       E      F
               +-------+-------+-------+-------+-------+----------------------
         Total | 100.0 | 100.0 |  -nan |  -nan | 100.0 | 295.4
       Dungeon | 100.0 | 100.0 |  -nan |  -nan | 100.0 | 344.7
               +-------+-------+-------+-------+-------+----------------------
